Map: Incorporeal LE

Players

Sindyr

  • Race: Zerg Zerg
  • League: Master
  • Spawn Location: 11:00

Iiililliilli - Winner!

  • Race: Zerg Zerg
  • League: Gold
  • Spawn Location: 5:00

VOD

Have the link to the VOD?

Description

Time

  • Played on: Oct. 6, 2025, 9:25 p.m.
  • Length: 4:18
Show
View Real Time Build Order
Export as new Build Order

Sindyr Zerg 

Build Orders: Hatch First 

Get SALT Encoding   

  12  0:06  Drone  
  13  0:15  Overlord  
  13  0:23  Drone  
  14  0:35  Drone x2  
  16  0:39  Drone  
  17  0:52  Hatchery  
  16  0:57  Drone  
  16  1:00  Drone  
  18  1:04  Extractor  
  17  1:19  Spawning Pool  
  17  1:21  Drone  
  17  1:24  Drone  
  18  1:33  Drone  
  19  1:43  Overlord  
  20  1:54  Drone  
  20  2:05  Queen  
  20  2:06  Queen  
  24  2:10  Zergling x2  
  24  2:11  Zergling x2  
  26  2:16  Metabolic Boost  
  26  2:23  Drone  
  26  2:24  Drone  
  26  2:29  Drone  
  30  2:30  Drone  
  30  3:04  Queen  
  32  3:06  Drone x4  
  32  3:09  Hatchery  
  32  3:10  Overlord  
  35  3:22  Baneling Nest  
  35  3:24  Zergling x2  
  35  3:25  Zergling x2  
  36  3:28  Zergling x6  
  36  3:31  Zergling x2  
  40  3:52  Evolution Chamber  
  37  3:56  Zergling x12  
  37  3:57  Zergling x2  
  37  3:58  Zergling x2  
Show
View Real Time Build Order
Export as new Build Order

Iiililliilli Zerg - Winner!

Build Orders: Pool First 

Get SALT Encoding   

  12  0:01  Drone  
  13  0:13  Overlord  
  13  0:17  Drone  
  14  0:31  Drone x2  
  16  0:38  Drone  
  17  0:48  Spawning Pool  
  17  0:49  Drone  
  17  1:09  Hatchery  
  17  1:11  Drone  
  17  1:19  Extractor, Drone  
  17  1:20  Drone  
  18  1:29  Drone  
  19  1:36  Queen  
  21  1:40  Zergling x2  
  22  1:50  Overlord  
  22  2:19  Metabolic Boost  
  22  2:21  Zergling x4  
  22  2:22  Zergling x2  
  25  2:30  Zergling x2  
  25  2:35  Zergling x4  
  28  2:46  Zergling x6  
  28  2:47  Overlord  
  28  2:48  Overlord  
  31  2:51  Queen  
  33  3:04  Baneling Nest, Zergling x2  
  33  3:05  Zergling x4  
  35  3:10  Zergling x2  
  36  3:18  Zergling x2  
  37  3:22  Zergling x2  
  37  3:24  Zergling x4  
  37  3:25  Zergling x2  
  41  3:32  Zergling x4  
  43  3:43  Zergling x4  
  43  3:47  Baneling  
  43  3:48  Baneling x2  
  45  3:50  Zergling x2  
Tags
 
Matchup
ZvZ
Race
Zerg
Replay Pack
Multiplayer
Spawn Locations
Cross Positions
Add a new tag
Caveats
  • Supply blocks, unpowered buildings, or Contaminate may cause inaccurate times.
  • Supply counts are checked every 10 seconds.